Map: Dreamcatcher LE

Players

Virus - Winner!

  • Race: Zerg Zerg
  • League: Diamond
  • Spawn Location: 5:00

Cliggity

  • Race: Protoss Protoss
  • League: Platinum
  • Spawn Location: 11:00

VOD

Have the link to the VOD?

Description

Plat vs Diamond

Time

  • Played on: Nov. 6, 2018, 9:59 p.m.
  • Length: 15:13
Show
View Real Time Build Order
Export as new Build Order

Virus Zerg - Winner!

Build Orders: Pool First, Lurkers 

Get SALT Encoding   

  12  0:01  Drone  
  13  0:12  Overlord  
  13  0:17  Drone  
  14  0:32  Drone x2  
  16  0:52  Spawning Pool  
  15  0:57  Drone  
  15  0:58  Extractor, Drone x2  
  15  1:02  Extractor  
  16  1:16  Drone  
  18  1:25  Hatchery  
  18  1:30  Drone  
  18  1:33  Drone  
  19  1:44  Queen  
  21  1:51  Overlord  
  21  1:59  Drone  
  22  2:08  Metabolic Boost  
  22  2:10  Drone  
  23  2:19  Queen, Drone  
  26  2:28  Drone  
  27  2:35  Overlord  
  27  2:48  Drone x2  
  29  2:55  Drone x3  
  29  2:56  Drone  
  33  3:06  Hatchery  
  33  3:10  Drone x2  
  33  3:11  Drone  
  35  3:18  Queen  
  37  3:20  Drone  
  39  3:27  Drone x2  
  39  3:29  Drone x3  
  43  3:34  Spore Crawler  
  43  3:39  Spore Crawler  
  41  3:41  Spore Crawler  
  40  3:48  Drone x2  
  40  3:49  Drone x2  
  44  4:07  Extractor, Drone  
  44  4:08  Extractor  
  44  4:09  Overlord x2  
  43  4:10  Overlord  
  43  4:11  Drone  
  44  4:17  Pneumatized Carapace  
  44  4:20  Drone x3  
  44  4:22  Drone  
  48  4:29  Drone  
  48  4:30  Drone x5  
  54  4:35  Evolution Chamber  
  54  4:37  Lair  
  53  4:41  Extractor  
  53  4:42  Drone x3  
  55  4:53  Spore Crawler  
  55  4:58  Drone x2  
  55  4:59  Drone x5  
  61  5:01  Zerg Melee Weapons Level 1  
  61  5:06  Evolution Chamber  
  60  5:10  Baneling Nest  
  60  5:12  Drone x2  
  60  5:13  Drone x5  
  66  5:20  Drone x3  
  67  5:22  Drone x3  
  67  5:23  Drone x2  
  67  5:26  Overlord  
  71  5:33  Extractor  
  71  5:34  Zerg Missile Weapons Level 1  
  71  5:35  Extractor  
  69  5:36  Hydralisk Den  
  69  5:39  Drone  
  69  5:42  Queen  
  71  5:45  Drone x4  
  74  6:00  Hatchery  
  74  6:04  Drone x7  
  73  6:05  Overlord, Drone x2  
  73  6:06  Overlord  
  73  6:08  Overlord  
  79  6:14  Hydralisk, Muscular Augments  
  79  6:18  Overlord  
  81  6:23  Hydralisk x4  
  89  6:35  Hydralisk x3  
  89  6:36  Hydralisk x3  
  101  6:49  Hydralisk x6  
  113  6:57  Zerg Melee Weapons Level 2  
  113  7:03  Overlord x3  
  113  7:08  Zergling x2  
  114  7:16  Infestation Pit  
  114  7:21  Zergling x2  
  114  7:22  Zergling x24  
  126  7:26  Drone  
  126  7:28  Extractor  
  126  7:29  Spore Crawler  
  125  7:30  Extractor  
  125  7:35  Hydralisk x6  
  128  7:48  Hydralisk x5  
  128  7:49  Hydralisk  
  123  7:53  Hydralisk x2  
  115  8:03  Hydralisk x6  
  119  8:11  Hydralisk x2  
  119  8:12  Hydralisk x2  
  127  8:16  Baneling x7  
  127  8:22  Hydralisk  
  127  8:23  Hydralisk x3  
  127  8:26  Drone x3  
  138  8:37  Zerg Missile Weapons Level 2  
  138  8:40  Zergling x6  
  138  8:41  Zergling x4  
  143  8:42  Centrifical Hooks  
  143  8:43  Overlord x2  
  143  8:53  Overlord x3  
  143  8:57  Spine Crawler  
  143  8:58  Spine Crawler  
  143  9:00  Spine Crawler x2  
  143  9:02  Spine Crawler  
  135  9:09  Drone x3  
  138  9:21  Hydralisk  
  138  9:22  Hydralisk x8  
  156  9:26  Baneling  
  156  9:27  Baneling x7  
  156  9:30  Zergling x2  
  156  9:31  Zergling x6  
  160  9:35  Overseer  
  160  9:39  Drone x2  
  160  9:40  Drone x6  
  168  9:46  Drone  
  168  9:47  Drone x3  
  164  10:08  Baneling x9  
  164  10:14  Hive, Lurker Den  
  162  10:15  Hydralisk  
  162  10:16  Hydralisk x3  
  162  10:18  Zergling x2  
  162  10:19  Zergling x12  
  150  10:35  Overlord x3  
  136  11:04  Hydralisk  
  136  11:05  Hydralisk x11  
  160  11:27  Adrenal Glands  
  160  11:28  Zerg Melee Weapons Level 3  
  160  11:30  Zerg Missile Weapons Level 3  
  160  11:36  Queen  
  160  11:39  Hatchery  
  152  11:51  Zergling x2  
  152  11:52  Zergling x12  
  159  11:58  Adaptive Talons  
  159  12:14  Overlord x3  
  159  12:22  Hatchery  
  158  12:25  Queen, Extractor  
  156  12:37  Zergling x2  
  156  12:38  Zergling x38  
  156  12:43  Grooved Spines  
  175  12:46  Ultralisk Cavern  
  175  12:47  Overseer x3  
  175  12:48  Overseer  
  175  12:49  Overlord x2  
  175  12:50  Overlord  
  174  13:10  Baneling, Hydralisk x5  
  174  13:11  Hydralisk x7  
  190  13:18  Spire  
  189  13:21  Baneling x6  
  189  13:22  Baneling x29  
  189  13:23  Baneling  
  189  13:29  Zergling x2  
  189  13:30  Zergling x20  
  200  13:34  Chitinous Plating  
  188  14:28  Lurker x9  
  188  14:29  Lurker x2  
  179  14:54  Zergling x2  
  179  14:55  Zergling x32  
Show
View Real Time Build Order
Export as new Build Order

Cliggity Protoss 

Build Orders: 1 Gate Expand, Phoenix Opening 

Get SALT Encoding   

  12  0:01  Probe  
  13  0:16  Pylon  
  13  0:19  Probe  
  14  0:30  Probe  
  15  0:38  Probe  
  15  0:40  Gateway  
  15  0:49  Assimilator  
  16  0:50  Probe  
  17  1:02  Probe  
  18  1:15  Probe  
  19  1:27  Nexus  
  19  1:39  Probe  
  19  1:41  Assimilator  
  20  1:47  Probe  
  20  1:50  Cybernetics Core  
  21  1:58  Probe  
  22  2:07  Pylon  
  22  2:10  Probe  
  23  2:26  Gateway  
  23  2:27  Adept  
  25  2:32  Stargate  
  25  2:37  Probe  
  25  2:40  Probe  
  27  2:49  Probe  
  27  2:51  Warp Gate  
  28  2:52  Probe  
  28  2:56  Sentry  
  31  2:58  Probe  
  31  3:00  Probe  
  33  3:06  Probe  
  33  3:08  Probe  
  35  3:16  Probe  
  35  3:17  Phoenix  
  35  3:18  Probe  
  39  3:28  Probe  
  39  3:30  Probe  
  41  3:36  Stargate  
  41  3:39  Pylon  
  41  3:40  Probe  
  42  3:43  Probe  
  43  3:49  Assimilator  
  43  3:51  Assimilator  
  43  3:52  Probe  
  43  3:54  Phoenix  
  46  4:02  Probe  
  47  4:04  Probe  
  47  4:06  Pylon  
  47  4:09  Adept  
  52  4:10  Adept  
  52  4:17  Probe x2  
  54  4:24  Phoenix  
  54  4:27  Pylon  
  54  4:29  Probe x2  
  58  4:34  Pylon  
  58  4:36  Twilight Council  
  58  4:45  Phoenix  
  60  4:47  Probe  
  60  4:48  Probe  
  62  4:54  Phoenix  
  64  5:03  Probe x2  
  66  5:12  Charge  
  66  5:18  Gateway  
  66  5:19  Gateway  
  66  5:20  Pylon  
  64  5:29  Phoenix x2  
  66  5:50  Probe x2  
  68  6:02  Probe x2  
  70  6:09  Phoenix x2  
  70  6:10  Gateway  
  70  6:11  Pylon  
  72  6:29  Probe x2  
  74  6:33  Gateway  
  74  6:34  Phoenix x2, Gateway  
  78  6:40  Sentry  
  78  6:41  Zealot x3  
  78  6:45  Nexus  
  86  6:47  Pylon  
  86  6:49  Pylon  
  86  6:53  Templar Archives  
  86  6:57  Gateway  
  86  7:00  Probe x2  
  88  7:11  Zealot x4  
  88  7:15  Probe x2  
  98  7:36  Zealot x4  
  98  7:56  Zealot x4  
  94  8:04  Psionic Storm  
  94  8:07  Probe x2  
  94  8:08  Probe  
  97  8:14  Assimilator  
  97  8:17  Assimilator  
  97  8:22  Shield Battery  
  97  8:24  Forge  
  97  8:25  Shield Battery  
  97  8:27  Phoenix x2  
  97  8:29  Probe x3, Forge  
  97  8:31  Gateway  
  104  8:41  Probe x3  
  106  8:45  High Templar x5  
  106  8:46  High Templar  
  119  8:48  Phoenix  
  119  8:49  Phoenix  
  119  8:54  Protoss Ground Weapons Level 1, Protoss Ground Armor Level 1  
  123  9:09  Zealot  
  121  9:20  Robotics Facility  
  121  9:22  Gateway  
  121  9:24  Zealot  
  121  9:25  High Templar  
  121  9:29  Pylon  
  125  9:32  Pylon  
  125  9:33  Pylon x2  
  125  9:36  Pylon  
  125  9:47  Probe x3  
  125  9:49  Zealot x2  
  132  10:06  Zealot x3  
  110  10:30  Archon x3  
  110  10:32  Zealot x7  
  101  10:56  High Templar x3  
  101  10:57  High Templar x4  
  109  11:04  Archon  
  109  11:05  Archon  
  109  11:07  Archon  
  109  11:10  Observer  
  110  11:14  Dark Shrine  
  110  11:18  Robotics Facility  
  110  11:30  Probe x3  
  110  11:32  Observer  
  114  11:34  Nexus  
  110  11:44  Zealot x7  
  110  11:45  Zealot x2  
  122  11:53  Observer  
  116  12:11  Robotics Bay  
  116  12:18  Zealot x6  
  116  12:19  Zealot x3  
  126  12:43  High Templar x4  
  126  12:44  High Templar x4  
  138  12:47  Archon x2  
  138  12:48  Archon x2  
  138  12:51  Warp Prism  
  144  12:59  Observer  
  144  13:26  Probe x3  
  147  13:40  Nexus  
  147  13:42  Assimilator  
  147  13:46  Assimilator  
  147  13:47  Zealot x3  
  147  13:48  Zealot x2, Pylon  
  156  13:51  Pylon  
  156  13:52  Pylon  
  156  13:54  Pylon  
  156  13:55  Pylon  
  142  14:11  Zealot x7  
  142  14:12  Zealot x2  
  156  14:35  Zealot x6  
  156  14:36  Zealot x3  
  76  15:03  Zealot x6  
  76  15:04  Zealot x3  
Tags
 
Add a new tag
Caveats
  • Supply blocks, unpowered buildings, or Contaminate may cause inaccurate times.
  • Supply counts are checked every 10 seconds.